 Dungeon Crawl Stone Soup version 0.19-a0-854-gc78d25d (webtiles) character file.

76 sudo the Skirmisher (level 4, -2/35 HPs)
             Began as a Mummy Monk on July 1, 2016.
             Slain by a gnoll
             ... wielding a +0 flail
              (7 damage)
             ... on level 3 of the Dungeon.
             The game lasted 00:01:41 (1653 turns).

sudo the Skirmisher (Mummy Monk)                    Turns: 1653, Time: 00:01:42

Health: -2/35      AC:  5    Str: 15    XL:     4   Next: 12%
Magic:  4/4        EV: 12    Int:  9    God:
Gold:   129        SH:  0    Dex: 14    Spells: 0 memorised, 3 levels left

rFire  x . .     SeeInvis .     a - +0 mace
rCold  + . .     Gourm    .     k - +0 ring mail
rNeg   + + +     Faith    .     (no shield)
rPois  ∞         Spirit   .     (no helmet)
rElec  .         Dismiss  .     (no cloak)
rCorr  .         Reflect  .     (no gloves)
SustAt .         Harm     .     (no boots)
MR     .....                    d - amulet of magic regeneration
Stlth  +.........               (no ring)
                                (no ring)

@: about to teleport, not resistant to hostile enchantments, very unstealthy
A: no food or potions, fire vulnerability, cold resistance 1, negative energy
resistance 3, torment resistance, unbreathing
a: no special abilities


You were on level 3 of the Dungeon.
You were not hungry.

You visited 1 branch of the dungeon, and saw 3 of its levels.

You collected 129 gold pieces.

Inventory:

Hand Weapons
 a - a +0 mace (weapon)
Armour
 b - a +0 robe
 k - a +0 ring mail (worn)
Jewellery
 d - an amulet of magic regeneration (around neck)
 i - an uncursed ring of wizardry {unknown}
Scrolls
 c - a scroll of remove curse
 f - a scroll of magic mapping {unknown}
 g - a scroll of noise {unknown}
 h - 2 scrolls of fog {unknown}
 j - a scroll of enchant armour {unknown}
 l - a scroll of immolation {unknown}


   Skills:
 + Level 3.5 Fighting
 * Level 3.2 Maces & Flails
 + Level 3.1 Dodging
 - Level 1.5 Stealth


You had 3 spell levels left.
You didn't know any spells.

Dungeon Overview and Level Annotations

Branches:
Dungeon (3/15)

Altars:
Hepliaklqana


Innate Abilities, Weirdness & Mutations

You do not eat or drink.
Your flesh is vulnerable to fire.
You are immune to poison.
Your flesh is cold resistant. (rC+)
You are immune to negative energy. (rN+++)
You are immune to unholy pain and torment.
You can survive without breathing.


Message History

The gnoll is severely wounded.
The gnoll hits you from afar with a halberd.
The gnoll hits you with a flail!
There are monsters nearby!
You closely miss the gnoll.
The gnoll is severely wounded.
The gnoll hits you from afar with a spear!
* * * LOW HITPOINT WARNING * * *
The gnoll closely misses you. The gnoll barely misses you.
You are too injured to fight recklessly!
You can't drink.
As you read the scroll labeled JOGOTZ YNOUGE, it crumbles to dust.
You feel blessed for a moment.
It was a scroll of remove curse.
The gnoll barely misses you.
The gnoll hits you from afar with a halberd.
* * * LOW HITPOINT WARNING * * *
As you read the scroll labeled WAPAOG RUSETELOONG, it crumbles to dust.
You feel strangely unstable.
It was a scroll of teleportation.
The gnoll hits you with a flail!
You die...

#######...
#........
#.......
#....$.
..... #


gg. #.#g#+# #..@..# #.##### # You could see 3 gnolls.

Vanquished Creatures
  Jessica (D:2)
  An ooze (D:2)
  A worm (D:2)
  10 bats
  2 giant cockroaches
  5 goblins
  4 hobgoblins
  2 quokkas (D:2)
  A ball python (D:1)
  A giant newt (D:2)
  7 kobolds
  10 rats
45 creatures vanquished.

Notes
Turn   | Place    | Note
-------+----------+-------------------------------------------
     0 | D:1      | sudo the Mummy Monk began the quest for the Orb.
     0 | D:1      | Reached XP level 1. HP: 18/18 MP: 1/1
    48 | D:1      | Reached XP level 2. HP: 20/24 MP: 2/2
   716 | D:2      | Noticed Jessica
   723 | D:2      | Killed Jessica
   723 | D:2      | Reached XP level 3. HP: 25/29 MP: 3/3
  1274 | D:2      | Reached XP level 4. HP: 31/35 MP: 4/4
  1306 | D:2      | Found a hazy altar of Hepliaklqana.
  1653 | D:3      | Slain by a gnoll

Vault maps used:
D:1:      dpeg_arrival_rooms_b
D:2:      lemuel_round_altar, nrook_mini_backslash, uniq_jessica

Skill      XL: |  1  2 |
---------------+-------+-----
Maces & Flails | 3 |  3.2
Dodging        | 3 |  3.1
Fighting       | |  3.5
Stealth        | |  1.5

Action                   |  1- 3 |  4- 6 || total
-------------------------+-------+-------++-------
Melee: Mace              |   117 |    12 ||   129
  Use: Scroll            |       |     2 ||     2
Armor: Robe              |    47 |       ||    47
       Ring mail         |       |     2 ||     2
Dodge: Dodged            |   115 |     8 ||   123
